 Dungeon Crawl Stone Soup version 0.21.1-1-g345015f (webtiles) character file.

17 Monsterracer the Vexing (level 2, -2/24 HPs)
             Began as a Hill Orc Arcane Marksman on May 29, 2018.
             Slain by a leopard gecko (4 damage)
             ... on level 1 of the Dungeon.
             The game lasted 00:01:36 (767 turns).

Monsterracer the Vexing (Hill Orc Arcane Marksman)   Turns: 767, Time: 00:01:36

Health: -2/24      AC:  3    Str: 12    XL:     2   Next: 62%
Magic:  3/3        EV: 12    Int: 13    God:
Gold:   32         SH:  0    Dex: 11    Spells: 2/3 levels left

rFire    . . .     SeeInvis .   e - +0 whip
rCold    . . .     Gourm    .   (no shield)
rNeg     . . .     Faith    .   a - +0 robe
rPois    .         Spirit   .   h - +0 helmet
rElec    .         Reflect  .   (no cloak)
rCorr    .         Harm     .   (no gloves)
MR       .....                  (no boots)
Stlth    +.........             (no amulet)
HPRegen  0.08/turn              (no ring)
MPRegen  0.08/turn              (no ring)

@: no status effects
A: no striking features
a: no special abilities


You were on level 1 of the Dungeon.
You were not hungry.

You visited 1 branch of the dungeon, and saw 1 of its levels.

You collected 32 gold pieces.

Inventory:

Hand Weapons
 e - a +0 whip (weapon)
Armour
 a - a +0 robe (worn)
 h - a +0 helmet (worn)
Scrolls
 b - a scroll of enchant armour {unknown}
 g - 2 scrolls of remove curse {unknown}
 i - a scroll of amnesia {unknown}
Comestibles
 c - 3 rations


   Skills:
 + Level 1.9 Fighting
 - Level 2.0 Throwing
 - Level 1.7 Dodging
 - Level 1.1 Spellcasting
 - Level 3.1 Hexes


You had 2 spell levels left.
You knew the following spells:

 Your Spells              Type           Power        Failure   Level  Hunger
a - Corona                Hex            #......      8%          1    ##.....


Dungeon Overview and Level Annotations

Branches:
Dungeon (1/15)

Altars:


Message History

You are too injured to fight recklessly!
What are your orders? t - Shout!
Orders for allies: a - Attack new target. r - Retreat! s - Stop attacking. g - Guard the area. f - Follow me.
Anything else - Cancel.
Okay, then.
You barely miss the goblin.
The leopard gecko hisses angrily.
The goblin misses you.
Throwing (i - inventory. (,) - cycle):
f - 5 javelins (quivered)
Press: ? - help, Shift-Dir - straight line, f - goblin
Aim: a goblin, wielding a club You throw a javelin.
The javelin hits the goblin!
You kill the goblin!
Throwing (i - inventory. (,) - cycle):
f - 4 javelins (quivered)
Press: ? - help, Shift-Dir - straight line, f - leopard gecko
Aim: a leopard gecko You throw a javelin.
The javelin misses the leopard gecko.
Throwing (i - inventory. (,) - cycle):
f - 3 javelins (quivered)
Press: ? - help, Shift-Dir - straight line, f/p - leopard gecko
Aim: a leopard gecko (clinging)
You throw a javelin.
The javelin completely misses the leopard gecko.
A frilled lizard comes into view.
The frilled lizard hisses angrily.
You hit the leopard gecko.
The leopard gecko is moderately wounded.
The leopard gecko misses you. x2
You hit the leopard gecko but do no damage.
The leopard gecko is moderately wounded.
The leopard gecko bites you.
* * * LOW HITPOINT WARNING * * *
You take 5 damage, and have 11/24 hp.
MASSIVE DAMAGE!!
Throwing (i - inventory. (,) - cycle):
f - 2 javelins (quivered)
Press: ? - help, Shift-Dir - straight line, f/p - leopard gecko
Aim: a leopard gecko (moderately wounded, clinging)
You throw a javelin.
The javelin closely misses the leopard gecko.
The javelin barely misses the frilled lizard.
The leopard gecko barely misses you.
The leopard gecko bites you but does no damage.
Throwing (i - inventory. (,) - cycle):
f - a javelin (quivered)
Press: ? - help, Shift-Dir - straight line, f/p - leopard gecko
Aim: a leopard gecko (moderately wounded, clinging)
You throw a javelin.
The javelin barely misses the leopard gecko.
The javelin misses the frilled lizard.
The leopard gecko barely misses you. The leopard gecko closely misses you.
Found a scroll labeled ZILURU NAJ.
You barely miss the leopard gecko.
The leopard gecko is moderately wounded.
The leopard gecko closely misses you.
You barely miss the leopard gecko.
The leopard gecko is moderately wounded.
The leopard gecko barely misses you. x2
You hit the frilled lizard.
The frilled lizard is heavily wounded.
The frilled lizard unfolds its giant frill.
The frilled lizard barely misses you.
You completely miss the frilled lizard.
The frilled lizard is heavily wounded.
The frilled lizard bites you.
* * * LOW HITPOINT WARNING * * *
You take 3 damage, and have 9/24 hp.
You hit the frilled lizard.
You kill the frilled lizard!
The leopard gecko bites you.
* * * LOW HITPOINT WARNING * * *
You take 1 damage, and have 8/24 hp.
You closely miss the leopard gecko.
The leopard gecko is moderately wounded.
The leopard gecko barely misses you.
You barely miss the leopard gecko.
The leopard gecko is moderately wounded.
The leopard gecko closely misses you.
Unknown command.
You miss the leopard gecko.
The leopard gecko is moderately wounded.
The leopard gecko bites you.
* * * LOW HITPOINT WARNING * * *
The leopard gecko bites you.
* * * LOW HITPOINT WARNING * * *
You take 5 damage, and have 3/24 hp.
MASSIVE DAMAGE!!
Throwing (i - inventory):
d - 2 throwing nets (quivered)
Press: ? - help, Shift-Dir - straight line, f/p - leopard gecko
Aim: a leopard gecko (moderately wounded)
You throw a throwing net.
The throwing net misses the leopard gecko.
The leopard gecko bites you.
* * * LOW HITPOINT WARNING * * *
You take 2 damage, and have 1/24 hp.
Throwing (i - inventory):
d - a throwing net (quivered)
Press: ? - help, Shift-Dir - straight line, f/p - leopard gecko
Aim: a leopard gecko (moderately wounded)
You throw a throwing net.
The throwing net closely misses the leopard gecko.
The leopard gecko bites you.
You die...

# #+###............#.#### ..###
#.##...(#.............#
......##.##....#.............#
......?..............†..>....#
##....##.##.........###......##
.(.....(.....................'.
..........#..........##......##
..........+..†l...........#####
..?.......####@#.#...##...#####
...............#.#....#...#....
######.........#.#...........##
..............##.#.#......##
###..........###............
#..........+...#........##
##########.....#...........)..
#......###
#.....#............##
#.........
#.....#............##


You could see a leopard gecko.

Vanquished Creatures
  A giant cockroach (D:1)
  2 goblins (D:1)
  3 hobgoblins (D:1)
  4 kobolds (D:1)
  2 bats (D:1)
  A frilled lizard (D:1)
  4 rats (D:1)
17 creatures vanquished.

Notes
Turn   | Place    | Note
-------+----------+-------------------------------------------
     0 | D:1      | Monsterracer the Hill Orc Arcane Marksman began the quest for the Orb.
     0 | D:1      | Reached XP level 1. HP: 16/16 MP: 2/2
    69 | D:1      | HP: 8/16 [kobold/whip (4)]
    78 | D:1      | HP: 8/16 [bat (1)]
   331 | D:1      | Reached XP level 2. HP: 17/23 MP: 3/3
   471 | D:1      | HP: 8/23 [hobgoblin (5)]
   478 | D:1      | HP: 8/24 [kobold/club (1)]
   483 | D:1      | HP: 7/24 [kobold/club (1)]
   749 | D:1      | HP: 11/24 [leopard gecko (5)]
   760 | D:1      | HP: 9/24 [frilled lizard (3)]
   765 | D:1      | HP: 5/24 [leopard gecko (3)]
   766 | D:1      | HP: 1/24 [leopard gecko (2)]
   767 | D:1      | Slain by a leopard gecko

Skill      XL: |  1  2 |
---------------+-------+-----
Throwing       | 2 |  2.0
Fighting       | |  1.9
Dodging        | |  1.7
Spellcasting   | |  1.1
Hexes          | |  3.1

Action                   || total
-------------------------++-------
Melee: Whip              ||    54
Throw: Javelin           ||    23
       Throwing net      ||     2
 Stab: Sleeping          ||     1
Armor: Robe              ||    12
Dodge: Dodged            ||    48

Vault maps used:
D:1:      giann_forest_graveyard, serial_bayou_pond_b, minmay_shallow_snake_nest
